 Dungeon Crawl Stone Soup version 0.22-a0-815-gb582571 (webtiles) character file.

138 iamserjio the Chiller (level 5, -2/35 HPs)
             Began as a Barachi Ice Elementalist on July 23, 2018.
             Slain by an orc
             ... wielding a +0 flail
              (10 damage)
             ... on level 3 of the Dungeon.
             The game lasted 00:08:33 (1212 turns).

iamserjio the Chiller (Barachi Ice Elementalist)    Turns: 1212, Time: 00:08:33

Health: -2/35      AC:  7    Str: 13    XL:     5   Next: 21%
Magic:  1/10       EV: 12    Int: 16    God:
Gold:   114        SH:  0    Dex: 13    Spells: 1/11 levels left

rFire    . . .     SeeInvis .   i - +0 short sword
rCold    + . .     Gourm    .   (no shield)
rNeg     . . .     Faith    .   a - +0 robe
rPois    .         Spirit   .   (no helmet)
rElec    .         Reflect  .   (no cloak)
rCorr    .         Harm     .   (no gloves)
MR       .....                  (no boots)
Stlth    ++........             (no amulet)
HPRegen  0.11/turn              e - +4 ring of strength
MPRegen  0.12/turn              g - ring of protection from cold

@: icy armour, can't hop, slow
A: +LOS, swims, slowness 1, strong legs 1
a: Hop


You were on level 3 of the Dungeon.
You were not hungry.

You visited 1 branch of the dungeon, and saw 3 of its levels.

You collected 114 gold pieces.

Inventory:

Hand Weapons
 f - a +0 dagger
 i - a +0 short sword (weapon)
 v - a +0 blowgun
Missiles
 p - 19 arrows
 w - 19 poisoned needles
Armour
 a - a +0 robe (worn)
Jewellery
 e - a +4 ring of strength (left hand)
 g - a ring of protection from cold (right hand)
 o - an uncursed amulet of faith {unknown}
 u - an uncursed ring of see invisible {unknown}
Scrolls
 b - 4 scrolls of identify {unknown}
 d - a scroll of teleportation {unknown}
 h - 3 scrolls of remove curse {unknown}
 l - a scroll of amnesia {unknown}
 q - a scroll of enchant weapon {unknown}
Potions
 j - a potion of curing {@q1}
 k - a potion of might {unknown}
 m - a potion of agility {unknown}
 n - 2 potions of brilliance {unknown}
 r - a potion of magic {unknown}
 s - a potion of resistance {unknown}
 t - a potion of haste {unknown}
Comestibles
 c - 2 rations


   Skills:
 - Level 2.1 Dodging
 - Level 1.7 Stealth
 + Level 3.7 Spellcasting
 - Level 1.4 Conjurations
 * Level 2.1 Summonings
 + Level 5.1 Ice Magic


You had one spell level left.
You knew the following spells:

 Your Spells              Type           Power        Failure   Level  Hunger
a - Freeze                Ice            ###.         2%          1    None
b - Throw Frost           Conj/Ice       ##....       7%          2    ##.....
c - Summon Ice Beast      Ice/Summ       ##......     36%         4    ####...
d - Ozocubu's Armour      Chrm/Ice       ##......     19%         3    ###....

Your spell library contained the following spells:

 Spells                   Type           Power        Failure   Level  Hunger
 Throw Icicle             Conj/Ice       ##......     41%         4    ####...


Dungeon Overview and Level Annotations

Branches:
Dungeon (3/15)

Altars:
Trog


Innate Abilities, Weirdness & Mutations

Shadows flee at your approach. (+LOS)
You can swim through water.
You cover ground slowly.
You can hop short distances.


Message History

The orc closely misses you. The orc hits you but does no damage.
Okay, then.
Hop to where?
Press: ? - help, Dir - move target cursor Boing!
Casting: Freeze (safe; 2% risk of failure)
Confirm with . or Enter, or press ? or * to list all spells.
Okay, then.
Casting: Freeze (safe; 2% risk of failure)
Confirm with . or Enter, or press ? or * to list all spells.
A film of ice covers your body!
Casting: Ozocubu's Armour (safe; 19% risk of failure)
Confirm with . or Enter, or press ? or * to list all spells.
Aiming: Freeze (safe; 2% risk of failure)
Press: ? - help, Shift-Dir - straight line, f - orc
Aim: an orc, wielding a flail and wearing a chain mail You freeze the orc.
The orc is moderately wounded.
The orc hits you with a flail!
You die...

###......# #####
##........#####...#
........).........#
#......o.#####...#####
###...##o.............
#.. #....).........
.>. ######...#####
####..#######o..##
#.......@o.....#
#.########.....##.##
#....................
#..#######.#.#..#.###
#..# ###......#.#
#..#####.†........#
#............#.....
#...####.###...#..##
#. #...####.# #>.##..#


You could see 2 orcs.

Vanquished Creatures
  An orc priest (D:3)
  6 adders
  A worm (D:2)
  2 dart slugs
  2 leopard geckos
  3 giant cockroaches
  5 goblins
  6 hobgoblins
  4 jackals (D:1)
  2 quokkas
  2 ball pythons
  A bat (D:2)
  5 frilled lizards
  7 kobolds
  2 rats (D:1)
49 creatures vanquished.

Notes
Turn   | Place    | Note
-------+----------+-------------------------------------------
     0 | D:1      | iamserjio the Barachi Ice Elementalist began the quest for the Orb.
     0 | D:1      | Reached XP level 1. HP: 13/13 MP: 3/3
   111 | D:1      | Reached XP level 2. HP: 16/19 MP: 0/5
   124 | D:1      | Reached skill level 4 in Ice Magic
   355 | D:1      | Reached XP level 3. HP: 12/24 MP: 7/7
   414 | D:2      | Found a bloodstained altar of Trog.
   524 | D:2      | Learned a level 2 spell: Throw Frost
   576 | D:2      | Reached XP level 4. HP: 4/30 MP: 0/9
   643 | D:2      | Learned a level 4 spell: Summon Ice Beast
   869 | D:2      | Reached skill level 1 in Summonings
  1106 | D:3      | Learned a level 3 spell: Ozocubu's Armour
  1156 | D:3      | Reached skill level 5 in Ice Magic
  1202 | D:3      | Reached XP level 5. HP: 6/35 MP: 4/10
  1212 | D:3      | Slain by an orc

Vault maps used:
D:1:      dpeg_arrival_rooms_with_view
D:2:      lemuel_crystal_altar, bloody_trog
D:3:      first_ration, uniq_grinder, uniq_natasha, uniq_terence

Skill      XL: |  1  2  3  4 |
---------------+-------------+-----
Ice Magic      | 4 5 |  5.1
Spellcasting   | 3 |  3.7
Summonings     | 2 |  2.1
Dodging        | |  2.1
Stealth        | |  1.7
Conjurations   | |  1.4

Action                   |  1- 3 |  4- 6 || total
-------------------------+-------+-------++-------
Melee: Unarmed           |     2 |       ||     2
       Short sword       |    28 |    14 ||    42
       Dagger            |     8 |       ||     8
 Cast: Freeze            |    36 |    34 ||    70
       Throw Frost       |     1 |     1 ||     2
       Ozocubu's Armour  |       |     1 ||     1
 Abil: Hop               |     1 |     1 ||     2
  Use: Potion            |     1 |       ||     1
 Stab: Sleeping          |     2 |       ||     2
  Eat: Chunk             |       |     2 ||     2
Armor: Robe              |    11 |     6 ||    17
Dodge: Dodged            |    46 |    21 ||    67

Table legend:
 A = Spawn XP
 B = Non-spawn XP
 C = Spawn XP percentage of total XP
 D = Spawn monster count
 E = Non-spawn monster count
 F = Spawn count percentage of total count
 G = Total turns spent on level
                    A         B        C        D         E        F      G
               +---------+---------+-------+---------+---------+-------+---------
         Total |       0 |     198 |   0.0 |       0 |      49 |   0.0 |  1212
               +---------+---------+-------+---------+---------+-------+---------
           D:1 |       0 |      38 |   0.0 |       0 |      22 |   0.0 |   501
           D:2 |       0 |      81 |   0.0 |       0 |      18 |   0.0 |   538
           D:3 |       0 |      79 |   0.0 |       0 |       9 |   0.0 |   173
               +---------+---------+-------+---------+---------+-------+---------
